 Dungeon Crawl Stone Soup version 0.25.1-2-g60ff931df9 (webtiles) character file.

Game seed: 1248385591344962886

519 Allula97 the Slasher (level 7, -4/52 HPs)
             Began as a Demonspawn Gladiator on Nov 11, 2020.
             Killed by nerve-wracking pain
             ... invoked by Menkaure
              (6 damage)
             ... on level 4 of the Dungeon.
             The game lasted 00:14:08 (3053 turns).

Allula97 the Slasher (Demonspawn Gladiator)         Turns: 3053, Time: 00:14:08

Health: -4/52      AC: 15    Str: 16    XL:     7   Next: 1%
Magic:  8/8        EV: 18    Int:  9    God:
Gold:   164        SH:  4    Dex: 15    Spells: 8/8 levels left

rFire    . . .     SeeInvis .   a - +0 long sword
rCold    . . .     Gourm    .   p - +0 buckler
rNeg     . . .     Faith    .   b - +0 leather armour
rPois    .         Spirit   .   c - +0 helmet
rElec    .         Reflect  .   s - +2 cloak
rCorr    .         Harm     .   y - +0 pair of gloves
MR       .....                  q - +0 pair of boots
Stlth    +++++.....             (no amulet)
HPRegen  0.17/turn              C - ring of stealth
MPRegen  0.11/turn              (no ring)

@: agile, sanguine armour
A: talons 1, nightstalker 2, powered by pain 1, sanguine armour 1
a: no special abilities


You were on level 4 of the Dungeon.
You were hungry.

You visited 1 branch of the dungeon, and saw 4 of its levels.

You collected 164 gold pieces.

Inventory:

Hand Weapons
 a - a +0 long sword (weapon)
 o - a +0 dagger
Armour
 b - a +0 leather armour (worn)
 c - a +0 helmet (worn)
 p - a +0 buckler (worn)
 q - a +0 pair of boots (worn)
 s - a +2 cloak (worn)
 y - a +0 pair of gloves (worn)
Jewellery
 C - a ring of stealth (left hand)
Scrolls
 g - 2 scrolls of fog {unknown}
 h - a scroll of fear {unknown}
 j - 3 scrolls of remove curse
 l - a scroll of identify
 m - a scroll of blinking {unknown}
 v - 2 scrolls of teleportation
 D - a scroll of amnesia {unknown}
Potions
 e - 2 potions of brilliance {unknown}
 i - 2 potions of heal wounds {unknown}
 k - 2 potions of mutation {unknown}
 n - a potion of haste {unknown}
 r - a potion of lignification {unknown}
 u - a potion of magic
 w - a potion of ambrosia {unknown}
 x - a potion of degeneration {unknown}
 z - 2 potions of might {unknown}
 A - 2 potions of resistance {unknown}
Comestibles
 f - 5 rations
 B - 7 chunks of flesh


   Skills:
 * Level 3.6 Fighting
 * Level 0.4(2.3) Short Blades
 - Level 3.7(3.8) Long Blades
 - Level 1.7 Throwing
 * Level 2.3 Armour
 + Level 3.7 Dodging
 * Level 2.5 Stealth
 * Level 2.1 Shields
 - Level 1.1 Spellcasting


You had 8 spell levels left.
You didn't know any spells.
Your spell library was empty.

Dungeon Overview and Level Annotations

Branches:
Dungeon (4/15)
 Temple: D:4-7

Altars:

Annotations:
D:4 Menkaure


Innate Abilities, Weirdness & Mutations

You have sharp toenails.
You are significantly more attuned to the shadows.
You sometimes gain a little power by taking damage.
When seriously injured, your bleeding wounds create armour. (AC +6)


Message History

You feel better.
Menkaure points at you and mumbles some strange words.
Pain shoots through your body!
* * * LOW HITPOINT WARNING * * *
You focus on the pain.
You feel agile all of a sudden.
Throwing (i - inventory)
d - a throwing net (quivered)
Press: ? - help, Shift-Dir - straight line, f - Menkaure
Aim: Menkaure (heavily damaged)
You throw a throwing net. The throwing net hits Menkaure.
Menkaure is caught in the net!
Menkaure is heavily damaged.
Menkaure struggles against the net.
Some of the chunks of flesh in your inventory have rotted away.
As you read the scroll labeled IVAASA EPEOWK, it crumbles to dust.
It is a scroll of identify.
v - 2 scrolls of teleportation Menkaure points at you and mumbles some strange words.
Pain shoots through your body!
You die...

###############.......#
#.......# #.......# ##
#......... ..
##.###.... #.# .... #.#
##. #.# ## #@# .# #M#
.# ####.##### .#
#........# ... .#
#........# ...# ##
#...........# ..####
#..?........# #....# ##
#...........# #....##
.# .#...###.#####
#......


You could see Menkaure (caught).

Vanquished Creatures
  An ogre (D:4)
  A phantom (D:4)
  Crazy Yiuf (D:2)
  An orc priest (D:4)
  3 orc wizards
  An iguana (D:4)
  A worker ant (D:4)
  A gnoll (D:1)
  A howler monkey skeleton (D:4)
  4 adders
  A worm (D:3)
  2 dart slugs
  7 leopard geckos
  11 orcs
  11 bats
  5 giant cockroaches
  7 hobgoblins
  5 jackals
  A ball python (D:3)
  12 frilled lizards
  A goblin (D:1)
  7 kobolds
  5 rats
90 creatures vanquished.

Vanquished Creatures (others)
  An orc wizard (D:4)
1 creature vanquished.

Grand Total: 91 creatures vanquished

Notes
Turn   | Place    | Note
-------+----------+-------------------------------------------
     0 | D:1      | Allula97 the Demonspawn Gladiator began the quest for the
                  | Orb.
     0 | D:1      | Reached XP level 1. HP: 16/16 MP: 1/1
    46 | D:1      | Gained mutation: You sometimes gain a little power by
                  | taking damage. [demonic ancestry]
    46 | D:1      | Reached XP level 2. HP: 11/22 MP: 2/2
   463 | D:1      | Gained mutation: You are slightly more attuned to the
                  | shadows. [demonic ancestry]
   463 | D:1      | Reached XP level 3. HP: 27/27 MP: 3/3
   775 | D:2      | Found a runed translucent door.
   776 | D:2      | Noticed Crazy Yiuf
   791 | D:2      | Killed Crazy Yiuf
   791 | D:2      | Reached skill level 1 in Armour
   791 | D:2      | Gained mutation: When seriously injured, your bleeding
                  | wounds create armour. (AC +6) [demonic ancestry]
   791 | D:2      | Reached XP level 4. HP: 34/34 MP: 4/4
  1012 | D:2      | Reached skill level 1 in Stealth
  1534 | D:3      | Reached XP level 5. HP: 26/40 MP: 6/6
  1652 | D:3      | Reached skill level 1 in Shields
  1652 | D:3      | Reached skill level 1 in Spellcasting
  2631 | D:4      | Noticed an ogre
  2647 | D:4      | Killed an ogre
  2647 | D:4      | Gained mutation: You are significantly more attuned to the
                  | shadows. [demonic ancestry]
  2647 | D:4      | Reached XP level 6. HP: 47/47 MP: 7/7
  3036 | D:4      | Noticed Menkaure
  3047 | D:4      | Gained mutation: You have sharp toenails. [demonic
                  | ancestry]
  3047 | D:4      | Reached XP level 7. HP: 24/52 MP: 8/8
  3051 | D:4      | HP: 2/52 [Menkaure/nerve-wracking pain (13)]
  3053 | D:4      | Killed from afar by Menkaure

Illustrated notes

Levels and vault maps discovered:
D:1:      eino_arrival_druids_welcome, layout_rooms, minmay_pentomino_o4
D:2:      layout_rooms, uniq_crazy_yiuf_cottage
D:3:      layout_rooms, minmay_misc_feat_hallway
D:4:      layout_basic, uniq_grinder, uniq_pikel, uniq_menkaure

Skill      XL: |  1  2  3  4  5  6 |
---------------+-------------------+-----
Long Blades    | 3 |  3.7
Dodging        | 3 |  3.7
Armour         | 1 2 |  2.3
Stealth        | 1 2 |  2.5
Shields        | 1 2 |  2.1
Spellcasting   | 1 |  1.1
Fighting       | 3 |  3.6
Short Blades   | |  0.4
Throwing       | |  1.7

Action                   |  1- 3 |  4- 6 |  7- 9 || total
-------------------------+-------+-------+-------++-------
Melee: Long sword        |    84 |   219 |     2 ||   305
       Dagger            |       |     1 |       ||     1
Throw: Throwing net      |     2 |       |     1 ||     3
  Use: Scroll            |     1 |       |     1 ||     2
       Potion            |       |     2 |     2 ||     4
 Stab: Sleeping          |       |    10 |       ||    10
  Eat: Chunk             |       |     7 |       ||     7
Armor: Leather armour    |    33 |    77 |       ||   110
Dodge: Dodged            |    80 |   125 |     1 ||   206
Block: Buckler           |     1 |    35 |       ||    36
       Rpst.: Long sword |    26 |    45 |       ||    71
